 Dungeon Crawl Stone Soup version 0.30-a0-321-gf7783e6616 (webtiles) character file.

Game seed: 15139369278634607494

6104 Ijustatesigmund the Blocker (level 10, -13/82 HPs)
             Began as a Gnoll Fighter on Oct 27, 2022.
             Was a Believer of Cheibriados.
             Mangled by a skeletal warrior
             ... wielding a +0 scimitar
              (22 damage)
             ... on level 9 of the Dungeon.
             The game lasted 00:16:06 (10476 turns).

Ijustatesigmund the Blocker (Gnoll Fighter)        Turns: 10476, Time: 00:16:07

Health: -13/82     AC: 16    Str: 22    XL:     10   Next: 88%
Magic:  14/18      EV: 12    Int: 16    God:    Cheibriados [**....]
Gold:   545        SH:  6    Dex: 16    Spells: 20/20 levels left

rFire   . . .      SeeInvis +    J - +2 flail (protect)
rCold   . . .      Faith    .    c - +0 buckler
rNeg    . . .      Spirit   .    b - +0 scale mail
rPois   .          Reflect  .    v - +0 helmet
rElec   .          Harm     .    (no cloak)
rCorr   .          Rampage  .    G - +0 pair of gloves
Will    +....                    E - +0 pair of boots
Stlth   ++........               (no amulet)
HPRegen 0.33/turn                F - +4 ring of protection
MPRegen 0.16/turn                M - ring "Bilece" {Will+ SInv}

@: very slow
A: fangs 1, strong nose, distributed training
a: Renounce Religion, Bend Time


You were on level 9 of the Dungeon.
You worshipped Cheibriados.
Cheibriados was pleased with you.
You visited 2 branches of the dungeon, and saw 11 of its levels.

You collected 545 gold pieces.

Inventory:

Hand Weapons
 a - a +0 war axe
 J - a +2 flail of protection (weapon)
Missiles
 d - 10 poisoned darts (quivered)
Armour
 b - a +0 scale mail (worn)
 c - a +0 buckler (worn)
 v - a +0 helmet (worn)
 E - a +0 pair of boots (worn)
 G - a +0 pair of gloves (worn)
Jewellery
 q - a ring of positive energy
 y - a ring of positive energy
 F - a +4 ring of protection (left hand)
 M - the ring "Bilece" (right hand) {Will+ SInv}
   (You found it on level 9 of the Dungeon)

   [ring of see invisible]

   SInv:      It lets you see invisible.
   Will:      It increases your willpower.
Wands
 B - a wand of charming (2)
 L - a wand of roots (11)
Scrolls
 e - 8 scrolls of identify
 f - a scroll of acquirement {unknown}
 h - a scroll of teleportation
 k - a scroll of enchant weapon {unknown}
 l - a scroll of summoning
 m - 2 scrolls of noise
 o - a scroll of magic mapping {unknown}
 s - a scroll of immolation {unknown}
 t - a scroll of fear {unknown}
 u - a scroll of silence {unknown}
 w - a scroll of blinking {unknown}
 x - a scroll of poison {unknown}
 z - a scroll of amnesia {unknown}
 H - a scroll of butterflies {unknown}
 K - a scroll of enchant armour {unknown}
Potions
 g - 3 potions of haste
 i - 2 potions of heal wounds
 j - a potion of resistance
 n - 3 potions of flight
 p - a potion of cancellation
 r - 2 potions of attraction
 I - a potion of brilliance


   Skills:
 + Level 8.9 Fighting
 + Level 5.9 Short Blades
 + Level 5.9 Long Blades
 + Level 7.5 Axes
 + Level 5.9 Maces & Flails
 + Level 5.9 Polearms
 + Level 5.9 Staves
 + Level 5.9 Ranged Weapons
 + Level 5.9 Throwing
 + Level 8.9 Armour
 + Level 5.9 Dodging
 + Level 5.9 Stealth
 + Level 8.9 Shields
 + Level 5.9 Unarmed Combat
 + Level 5.9 Spellcasting
 + Level 4.9 Conjurations
 + Level 4.9 Hexes
 + Level 4.9 Summonings
 + Level 4.9 Necromancy
 + Level 4.9 Translocations
 + Level 4.9 Transmutations
 + Level 4.9 Fire Magic
 + Level 4.9 Ice Magic
 + Level 4.9 Air Magic
 + Level 4.9 Earth Magic
 + Level 4.9 Poison Magic
 + Level 6.5 Invocations
 + Level 5.9 Evocations


You had 20 spell levels left.
You didn't know any spells.
Your spell library contained the following spells:

 Spells                   Type           Power      Damage    Failure   Level
 Freeze                   Ice            80%        1d9       5%          1
 Magic Dart               Conj           80%        1d7       5%          1
 Slow                     Hex            80%        N/A       5%          1
 Cigotuvi's Dreadful Rot  Necr/Pois/Air  40%        N/A       8%          2
 Poisonous Vapours        Pois/Air       40%        N/A       8%          2
 Searing Ray              Conj           40%        2d5       8%          2
 Confusing Touch          Hex            20%        N/A       16%         3
 Frozen Ramparts          Ice            40%        1d7       16%         3
 Hailstorm                Conj/Ice       20%        3d6       16%         3
 Mephitic Cloud           Conj/Pois/Air  20%        N/A       16%         3
 Vampiric Draining        Necr           20%        2d7       16%         3
 Fulminant Prism          Conj/Hex       10%        3d9       45%         4


Dungeon Overview and Level Annotations

Branches:
Dungeon (10/15)            Temple (1/1) D:6
   Lair: D:8-11         Orc: D:9-12

Altars:
Ashenzari
Cheibriados
Dithmenos
Elyvilon
Fedhas
Gozag
Hepliaklqana
Kikubaaqudgha
Makhleb
Nemelex Xobeh
Qazlal
Ru
Sif Muna
Uskayaw
Vehumet
Wu Jian
Xom
Yredelemnul
Zin
The Shining One

Shops:
D:9 *


Innate Abilities, Weirdness & Mutations

You have very sharp teeth.
Your uncanny sense of smell can sniff out nearby items.
Your experience applies equally to all skills.


Message History

The skeletal warrior hits you with a +0 scimitar.
You hit the skeletal warrior.
The skeletal warrior is heavily damaged.
The skeletal warrior hits you with a +0 scimitar.
You completely miss the skeletal warrior.
Your bite misses the skeletal warrior.
The skeletal warrior is heavily damaged.
The skeletal warrior is no longer moving slowly.
The skeletal warrior hits you but does no damage.
You sock the skeletal warrior!
You bite the skeletal warrior, but do no damage.
The skeletal warrior is severely damaged.
The skeletal warrior hits you but does no damage.
You hit the skeletal warrior. Your bite misses the skeletal warrior.
The skeletal warrior is severely damaged.
The skeletal warrior barely misses you.
You sock the skeletal warrior!
The skeletal warrior is almost destroyed.
The skeletal warrior hits you with a +0 scimitar!
* * * LOW HITPOINT WARNING * * *
You barely miss the skeletal warrior.
The skeletal warrior is almost destroyed.
The skeletal warrior hits you but does no damage.
You closely miss the skeletal warrior.
You bite the skeletal warrior, but do no damage.
The skeletal warrior is almost destroyed.
The skeletal warrior hits you but does no damage.
The flow of time bends around you.
The skeletal warrior resists with some effort.
The skeletal warrior hits you with a +0 scimitar.
* * * LOW HITPOINT WARNING * * *
You completely miss the skeletal warrior.
The skeletal warrior is almost destroyed.
The skeletal warrior hits you with a +0 scimitar!
* * * LOW HITPOINT WARNING * * *
The skeletal warrior misses you.
You closely miss the skeletal warrior.
The skeletal warrior is almost destroyed.
The skeletal warrior hits you with a +0 scimitar!!
You die...

##.# #..## #.### ##..# #...# ##.#
###.# #.. ############ #####.###
#######. ...........### #.......#
#.......
.............###.......###.......
...........#..##)z.......#.......
.......(...##.##@......#†........
...........##..........###.......
...........#####.......# #<......
.......)...# ###.##### ##.#####
#.########## #.# #..# #..## #.#
##.## ##..## ##.# #..### ##..#
#..# ##.(.. ####'#### #.## ####.


You could see a skeletal warrior.

Vanquished Creatures
  2 skeletal warriors
  A kobold demonologist (D:9)
  A troll (D:8)
  Sigmund (D:4)
  Grum (D:8)
  9 yaks
  A water moccasin (D:8)
  An ice beast (D:6)
  2 sky beasts
  A black bear (D:6)
  2 orc warriors
  2 centaurs
  2 wolves (D:8)
  3 kobold brigands
  A phantom (D:6)
  2 bullfrogs
  3 scorpions
  A necrophage (D:7)
  11 killer bees
  A howler monkey (D:5)
  A vampire bat (D:4)
  3 jellies
  4 orc priests
  2 hounds
  3 iguanas
  2 orc wizards (D:8)
  4 gnolls
  8 adders
  A shadow imp (D:8)
  An ufetubus (D:6)
  4 worms
  A dart slug (D:2)
  21 orcs
  2 bat skeletons (D:4)
  4 bat zombies (D:4)
  4 endoplasms
  2 giant cockroaches
  6 hobgoblins
  7 jackals
  6 quokkas
  11 ball pythons
  6 bats
  4 frilled lizards
  8 goblins
  10 kobolds
  5 rats
178 creatures vanquished.

Vanquished Creatures (collateral kills)
  A wolf (D:8)
1 creature vanquished.

Vanquished Creatures (others)
  An ice beast (D:6)
  2 orc wizards (D:7)
  190 plants (D:1)
193 creatures vanquished.

Grand Total: 372 creatures vanquished

Notes
Turn   | Place    | Note
-------+----------+-------------------------------------------
     0 | D:1      | Ijustatesigmund the Gnoll Fighter began the quest for the
                  | Orb.
     0 | D:1      | Reached XP level 1. HP: 23/23 MP: 1/1
   770 | D:1      | Reached XP level 2. HP: 29/29 MP: 2/2
  1201 | D:1      | Reached XP level 3. HP: 35/35 MP: 3/3
  1496 | D:2      | Reached skill level 1 in Invocations
  1566 | D:2      | Reached skill level 1 in Short Blades
  1566 | D:2      | Reached skill level 1 in Long Blades
  1566 | D:2      | Reached skill level 1 in Maces & Flails
  1566 | D:2      | Reached skill level 1 in Polearms
  1566 | D:2      | Reached skill level 1 in Staves
  1566 | D:2      | Reached skill level 1 in Ranged Weapons
  1566 | D:2      | Reached skill level 1 in Throwing
  1566 | D:2      | Reached skill level 1 in Dodging
  1566 | D:2      | Reached skill level 1 in Stealth
  1566 | D:2      | Reached skill level 1 in Unarmed Combat
  1566 | D:2      | Reached skill level 1 in Spellcasting
  1566 | D:2      | Reached skill level 1 in Evocations
  1786 | D:2      | Reached XP level 4. HP: 41/41 MP: 5/5
  1849 | D:2      | Found a faded altar of an unknown god.
  2234 | D:3      | Noticed a kobold brigand
  2248 | D:3      | Reached skill level 1 in Conjurations
  2248 | D:3      | Reached skill level 1 in Hexes
  2248 | D:3      | Reached skill level 1 in Summonings
  2248 | D:3      | Reached skill level 1 in Necromancy
  2248 | D:3      | Reached skill level 1 in Translocations
  2248 | D:3      | Reached skill level 1 in Transmutations
  2248 | D:3      | Reached skill level 1 in Fire Magic
  2248 | D:3      | Reached skill level 1 in Ice Magic
  2248 | D:3      | Reached skill level 1 in Air Magic
  2248 | D:3      | Reached skill level 1 in Earth Magic
  2248 | D:3      | Reached skill level 1 in Poison Magic
  2256 | D:3      | Killed a kobold brigand
  2257 | D:3      | Reached XP level 5. HP: 27/47 MP: 5/7
  3286 | D:4      | Noticed Sigmund
  3293 | D:4      | Killed Sigmund
  3294 | D:4      | Reached skill level 5 in Axes
  3294 | D:4      | Reached XP level 6. HP: 53/53 MP: 7/9
  3389 | D:4      | Reached XP level 7. HP: 54/60 MP: 10/10
  4052 | D:4      | Found an ancient bone altar of Kikubaaqudgha.
  4075 | D:5      | Entered Level 5 of the Dungeon
  4294 | D:5      | Reached XP level 8. HP: 61/67 MP: 12/12
  4661 | D:5      | Found an ornate altar of the Wu Jian Council.
  5395 | D:6      | Found a staircase to the Ecumenical Temple.
  5404 | Temple   | Entered the Ecumenical Temple
  5500 | Temple   | Became a worshipper of Cheibriados the Contemplative
  6771 | D:7      | Reached XP level 9. HP: 69/73 MP: 14/14
  7287 | D:7      | Reached * piety under Cheibriados
  7491 | D:8      | Noticed Grum
  7510 | D:8      | Killed Grum
  7758 | D:8      | Reached skill level 5 in Invocations
  8286 | D:8      | Found a blossoming altar of Fedhas.
  8345 | D:8      | Reached ** piety under Cheibriados
  8448 | D:8      | Found a shadowy altar of Dithmenos.
  8597 | D:8      | Noticed a troll
  8608 | D:8      | Killed a troll
  8754 | D:8      | Reached skill level 5 in Short Blades
  8754 | D:8      | Reached skill level 5 in Long Blades
  8754 | D:8      | Reached skill level 5 in Maces & Flails
  8754 | D:8      | Reached skill level 5 in Polearms
  8754 | D:8      | Reached skill level 5 in Staves
  8754 | D:8      | Reached skill level 5 in Ranged Weapons
  8754 | D:8      | Reached skill level 5 in Throwing
  8754 | D:8      | Reached skill level 5 in Dodging
  8754 | D:8      | Reached skill level 5 in Stealth
  8754 | D:8      | Reached skill level 5 in Unarmed Combat
  8754 | D:8      | Reached skill level 5 in Spellcasting
  8754 | D:8      | Reached skill level 5 in Evocations
  8754 | D:8      | Reached XP level 10. HP: 81/81 MP: 17/17
  9113 | D:9      | Identified the ring "Bilece" {Will+ SInv}
  9185 | D:9      | Noticed a kobold demonologist
  9213 | D:9      | Noticed an orange demon
  9220 | D:9      | Killed a kobold demonologist
  9695 | D:9      | Found Tijal's General Store.
  9982 | D:10     | Entered Level 10 of the Dungeon
  9989 | D:10     | Noticed a skeletal warrior
 10020 | D:10     | Killed a skeletal warrior
 10242 | D:10     | Noticed a skeletal warrior
 10244 | D:10     | Noticed a skeletal warrior
 10281 | D:9      | Killed a skeletal warrior
 10476 | D:9      | Mangled by a skeletal warrior

Illustrated notes

Levels and vault maps discovered:
D:1:      roderic_crop_circles_arrival_small, layout_basic,
          wad_floor_pattern_untrapped
D:2:      layout_basic, chequers_ecumenical_altar_simple
D:3:      layout_loops_corners, minmay_circle_x
D:4:      minmay_diamond_boxcup, layout_loops_ring, kennysheep_vampire_church,
          minivault_25, uniq_sigmund
D:5:      layout_loops_ring, general_overflow_altar, minmay_holes
D:6:      layout_layer_cave, minmay_temple_entry_mini_moons, kennysheep_dice
D:7:      layout_loops_ring
D:8:      layout_loops_corners, fedhas_ov_isle_minmay, lemuel_tele_altar,
          uniq_grum
D:9:      layout_roguey, serial_shops, nicolae_shop_stone
D:10:     layout_irregular_city, mainiacjoe_overflow_tiny_flanked,
          okawaru_humans, minivault_21, disabler_island, uniq_josephine,
          uniq_maurice
Temple:   minmay_temple_bridge_d

Skill      XL: |  1  2  3  4  5  6  7  8  9 10 |
---------------+-------------------------------+-----
Invocations    | 1 2 3 4 5 6 |  6.5
Short Blades   | 1 2 3 5 |  5.9
Long Blades    | 1 2 3 5 |  5.9
Maces & Flails | 1 2 3 5 |  5.9
Polearms       | 1 2 3 5 |  5.9
Staves         | 1 2 3 5 |  5.9
Ranged Weapons | 1 2 3 5 |  5.9
Throwing       | 1 2 3 5 |  5.9
Dodging        | 1 2 3 5 |  5.9
Stealth        | 1 2 3 5 |  5.9
Unarmed Combat | 1 2 3 5 |  5.9
Spellcasting   | 1 2 3 5 |  5.9
Evocations     | 1 2 3 5 |  5.9
Conjurations   | 1 2 3 4 |  4.9
Hexes          | 1 2 3 4 |  4.9
Summonings     | 1 2 3 4 |  4.9
Necromancy     | 1 2 3 4 |  4.9
Translocations | 1 2 3 4 |  4.9
Transmutations | 1 2 3 4 |  4.9
Fire Magic     | 1 2 3 4 |  4.9
Ice Magic      | 1 2 3 4 |  4.9
Air Magic      | 1 2 3 4 |  4.9
Earth Magic    | 1 2 3 4 |  4.9
Poison Magic   | 1 2 3 4 |  4.9
Axes           | 5 6 7 |  7.5
Fighting       | 7 8 |  8.9
Armour         | 7 8 |  8.9
Shields        | 7 8 |  8.9

Action                   |  1- 3 |  4- 6 |  7- 9 | 10-12 || total
-------------------------+-------+-------+-------+-------++-------
Melee: War axe           |   332 |    88 |   251 |       ||   671
       Bite              |    62 |     9 |    53 |    40 ||   164
       Flail             |       |       |   155 |   221 ||   376
Throw: Dart              |       |       |    33 |     9 ||    42
Invok: Bend Time         |       |       |       |     5 ||     5
Evoke: Wand              |       |       |     3 |       ||     3
  Use: Potion            |       |     3 |     6 |     1 ||    10
       Scroll            |       |     7 |     1 |     7 ||    15
 Stab: Sleeping          |       |       |     1 |       ||     1
Armor: Scale mail        |    42 |    40 |   222 |    84 ||   388
Dodge: Dodged            |    42 |    45 |   255 |    78 ||   420
Block: Buckler           |    20 |    37 |   155 |    51 ||   263

Table legend: (Time is in decaauts)
 A = Elapsed time spent in this place.
 B = Non-inter-level travel time spent in this place.
 C = Inter-level travel time spent in this place.
 D = Time resting spent in this place.
 E = Time spent auto-exploring this place.
 F = Levels seen in this place.
 G = Mean time per level.
                   A        B        C        D        E       F      G
               +--------+--------+--------+--------+--------+-----+--------+
         Total |  11840 |  11408 |    432 |   1175 |   7927 |  11 | 1076.4 |
       Dungeon |  11653 |  11342 |    311 |   1175 |   7865 |  10 | 1165.3 |
        Temple |    186 |     66 |    120 |      0 |     62 |   1 |  186.0 |
               +--------+--------+--------+--------+--------+-----+--------+

Top non-repeatable levels by time:
     D:8: 2105 daAuts
     D:6: 1706 daAuts
     D:1: 1433 daAuts
     D:9: 1340 daAuts
     D:7: 1194 daAuts
     D:3: 1102 daAuts
     D:2: 875 daAuts
     D:5: 809 daAuts
     D:4: 805 daAuts
    D:10: 280 daAuts
  Temple: 186 daAuts
